 Dungeon Crawl Stone Soup version 0.30.1-3-gfc49f6343a (webtiles) character file.

Game seed: 11595157337422714965

65 javelincjr the Ducker (level 3, -1/28 HPs)
             Began as a Demonspawn Gladiator on July 18, 2023.
             Slain by a gnoll
             ... wielding a +0 club
              (2 damage)
             ... on level 3 of the Dungeon.
             The game lasted 00:03:57 (1986 turns).

javelincjr the Ducker (Demonspawn Gladiator)        Turns: 1986, Time: 00:03:58

Health: -1/28      AC:  6    Str: 13 (16) XL:     3   Next: 94%
Magic:  12/12      EV: 11    Int:  7 (9)  God:
Gold:   73         SH:  0    Dex: 12 (14) Spells: 2/2 levels left

rFire   . . .        a - +0 war axe
rCold   . . .        (no shield)
rNeg    . . .        l - +0 ring mail
rPois   .            c - +0 helmet
rElec   .            (no cloak)
rCorr   .            (no gloves)
SInv    .            (no boots)
Will    .....        (no amulet)
Stlth   +            f - ring of magical power
HPRegen 0.24/turn    q - ring of wizardry
MPRegen 0.13/turn

%: wizardry (x1)
@: no status effects
A: hooves 1
a: no special abilities


You were on level 3 of the Dungeon.
You visited 1 branch of the dungeon, and saw 3 of its levels.

You collected 73 gold pieces.

Inventory:

Hand Weapons
 a - a +0 war axe (weapon)
Missiles
 d - 3 throwing nets (quivered)
 e - a javelin
Armour
 b - a +0 leather armour
 c - a +0 helmet (worn)
 l - a +0 ring mail (worn)
 n - a +0 scale mail
 o - a +0 plate armour
Jewellery
 f - a ring of magical power (left hand)
 q - a ring of wizardry (right hand)
Scrolls
 k - a scroll of torment {unknown}
 m - a scroll of vulnerability {unknown}
 p - a scroll of teleportation {unknown}
 r - a scroll of identify {unknown}
Potions
 g - a potion of might {unknown}
 h - 2 potions of attraction {unknown}
 j - a potion of curing {unknown}
 s - a potion of resistance {unknown}


   Skills:
 + Level 2.6 Fighting
 + Level 3.1 Axes
 - Level 2.1 Throwing
 + Level 0.7 Armour
 + Level 3.1 Dodging
 + Level 1.0 Stealth


You had 2 spell levels left.
You didn't know any spells.
Your spell library contained the following spells:

 Spells                   Type           Power      Damage    Failure   Level
 Sandblast                Erth           0%         2d4       36%         1
 Summon Small Mammal      Summ           0%         N/A       36%         1
 Passwall                 Tmut/Erth      0%         N/A       50%         2
 Call Canine Familiar     Summ           0%         N/A       71%         3
 Stone Arrow              Conj/Erth      0%         3d7       71%         3
 Summon Guardian Golem    Hex/Summ       0%         N/A       71%         3


Dungeon Overview and Level Annotations

Branches:
Dungeon (3/15)

Altars:

Shops:
D:2 :


Innate Abilities, Weirdness & Mutations

You have large cloven feet.


Message History

A gnoll and a goblin come into view.
The gnoll shouts!
The goblin shouts!
A gnoll comes into view. It is wielding a +0 spear.
The gnoll shouts!
The gnoll hits you with a +0 club.
You hit the gnoll but do no damage. Your kick misses the gnoll.
The gnoll closely misses you.
The gnoll hits you from afar with a +0 halberd.
The goblin hits you but does no damage.
You slash the gnoll! You kick the gnoll.
The gnoll is severely wounded.
You slash the goblin!
You kill the goblin!
A giant cockroach comes into view.
The gnoll hits you with a +0 club.
The gnoll hits you from afar with a +0 halberd.
Your Stealth skill increases to level 1!
You barely miss the gnoll.
The gnoll is severely wounded.
The gnoll hits you with a +0 club.
The gnoll hits you from afar with a +0 halberd.
You are too injured to fight recklessly!
The gnoll hits you from afar with a +0 spear.
The gnoll barely misses you.
You are too injured to fight recklessly!
You are too injured to fight recklessly!
Unknown command.
You are too injured to fight recklessly!
You barely miss the gnoll. You closely miss the gnoll. The gnoll misses you.
The gnoll closely misses you. The gnoll barely misses you.
The gnoll hits you from afar with a +0 spear.
* * * LOW HITPOINT WARNING * * *
The gnoll hits you with a +0 club.
* * * LOW HITPOINT WARNING * * *
The gnoll hits you but does no damage.
It was a potion of degeneration.
There was something very wrong with that liquid.
You feel weakened.
You feel dopey.
You feel clumsy. The gnoll barely misses you.
The gnoll hits you with a +0 club.
You die...

#...................
#.....####.........†
#.#.#.........†.....
#.#.##.....###......
#....†.....# ##.####
#. #...###....# #.#
#..#...# #....# #.#
#....g.###....# #.#
#>...g@..+....# #.#
##.#.#.###.....# #.#
#.#.#g# #####.# #
#.#B. ## ..... .. .
.... .. #... ..
#.###


You could see 3 gnolls and a giant cockroach.

Vanquished Creatures
  2 adders (D:3)
  A worm (D:2)
  A dart slug (D:1)
  6 ball pythons
  7 bats
  2 endoplasms
  5 goblins
  2 hobgoblins
  4 jackals
  4 kobolds
  A quokka (D:2)
  3 frilled lizards
  4 rats (D:1)
42 creatures vanquished.

Notes
Turn   | Place    | Note
-------+----------+-------------------------------------------
     0 | D:1      | javelincjr the Demonspawn Gladiator began the quest for the
                  | Orb.
     0 | D:1      | Reached XP level 1. HP: 16/16 MP: 1/1
   309 | D:1      | Gained mutation: You have large cloven feet. [demonic
                  | ancestry]
   309 | D:1      | Reached XP level 2. HP: 22/22 MP: 2/2
  1031 | D:2      | Found Jioduit's Book Boutique.
  1167 | D:2      | Reached XP level 3. HP: 28/28 MP: 3/3
  1983 | D:3      | Reached skill level 1 in Stealth
  1985 | D:3      | HP: 1/28 [gnoll/+0 club (3)]
  1986 | D:3      | Slain by a gnoll

Illustrated notes

Levels and vault maps discovered:
D:1:      nicolae_arrival_washed_ashore, layout_loops_corners
D:2:      layout_basic, serial_shops, shop, kennysheep_nondescript
D:3:      layout_basic, fedhas_ov_isle_minmay, shapermc_ecumenical_altar_petra

Skill      XL: |  1  2  3 |
---------------+----------+-----
Throwing       | 2 |  2.1
Axes           | 3 |  3.1
Dodging        | 3 |  3.1
Stealth        | 1 |  1.0
Fighting       | |  2.6
Armour         | |  0.7

Action                     || total
---------------------------++-------
  Melee: War axe           ||   110
         Kick              ||    15
    Use: Potion            ||     1
   Stab: Sleeping          ||     2
 Armour: Leather armour    ||    17
         Ring mail         ||    34
  Dodge: Dodged            ||    82
